Unix NetHack Version 5.0.0-0 post-release - last build Jun 10 2026 00:39:30 (3ee93aec679c4c4259841fe613dc97188e26a321,branch:main).

Game began 2026-06-14 11:41:58, ended 2026-06-15 11:11:09.

Drastanta, neutral male human Barbarian

                          -----            -------
                          |...------     --|$rg.m|
                          |........|     |.+B$$am|
                          |......%.|     |-|$$TC.|--
                          -------.----   |.S:udGO@z|
                           |.0.....0.--  |-|a$:@.|.|
                           |..........|  |.+d$$a$|@|
                           |..........|  --|plr:X|.|
                          -----%--------   ------|.|
                          |.......).u..|         |.|
                          |............|         |.|
                          --------)----|         |.|
                           |.......%...|         |.|
                           |.........[.|         |.|
                          -------.------         |.|
                          |.......----------------[|
                          |>......^..........%.....|
                          --------------------------
Drastanta the Brigand      St:18/01 Dx:16 Co:18 In:8 Wi:10 Ch:5  Neutral
Dlvl:6  $:750 HP:0(92) Pw:23(23) AC:-3 Xp:10 T:10770  Blind

Latest messages:
 It hits!
 The blast of frost hits the iguana.
 The blast of frost hits you!
 You don't feel cold.
 Your limbs are stiffening.
 What do you want to eat? [fkrR or ?*] ?
 This lizard corpse is fatty.
 You feel limber!
 The rabid rat misses!
 You stop eating the lizard corpse.
 It hits!
 The magician casts a spell!
 You hear a crunching sound.
 You smite the invisible ogre queen.
 The invisible ogre queen hits!
 You smite the invisible ogre queen.
 The invisible ogre queen hits!
 Are you sure you want to pray? [yn] (n) y
 You begin praying to Crom.
 The invisible ogre queen starts to attack you, but pulls back.
 The invisible ogre queen starts to attack you, but pulls back.
 You hear a door open.
 The magician casts a spell!
 The invisible ogre queen starts to attack you, but pulls back.
 You finish your prayer.
 You feel that Crom is well-pleased.
 You feel much better.
 What do you want to put on? [em-oEFKV or ?*] ?
 Which ring-finger, Right or Left? [rl] r
 m - an uncursed ring called Conflict? (on right hand).
 The invisible ogre queen hits!
 An ice troll appears!
 You kill the invisible ogre queen!
 You hear a crunching sound.
 The invisible magician turns into an invisible dresser!
 What do you want to zap? [bhqstL or ?*] ?
 In what direction? 8
 The magic missile hits the cockatrice.
 The magic missile hits the cockatrice!
 The magic missile hits you!
 The missiles bounce off!
 What do you want to zap? [bhqstL or ?*] t
 In what direction? 8
 The magic missile hits the cockatrice!
 You kill the cockatrice!
 You try to feel what is lying here on the floor.
 You feel here a cockatrice corpse.
 Touching the cockatrice corpse is a fatal mistake...
 You turn to stone...
 Do you want your possessions identified? [ynq] (y) q

Inventory:
 Coins    ('$')
  $ - 750 gold pieces
 Weapons  (')')
  a - a thoroughly rusty corroded +1 battle-axe (weapon in hands)
 Armor    ('[')
  M - an uncursed thoroughly rusty +0 dwarvish iron helm (being worn)
  D - an uncursed +0 pair of elven boots (being worn)
  N - an uncursed +0 pair of iron shoes
  d - an uncursed +0 oilskin cloak
  W - a blessed rotproof +3 gray dragon scale mail (being worn)
 Comestibles  ('%')
  k - 3 uncursed food rations
  r - 2 uncursed sprigs of wolfsbane
  f - 6 uncursed tripe rations
  R - an uncursed partly eaten lizard corpse
 Scrolls  ('?')
  v - an uncursed scroll of blank paper
  T - an uncursed scroll of confuse monster
  u - 2 uncursed scrolls of create monster
  A - 2 uncursed scrolls of earth
  U - an uncursed scroll of enchant armor
  Z - a blessed scroll of enchant weapon
  w - 2 uncursed scrolls of enchant weapon
  Q - an uncursed scroll of food detection
  l - a cursed scroll of light
  i - an uncursed scroll of remove curse
  x - an uncursed scroll of scare monster
  P - an uncursed scroll of taming
  Y - 2 uncursed scrolls of teleportation
 Potions  ('!')
  I - 2 uncursed potions of blindness
  j - a cursed potion of extra healing
  g - an uncursed potion of gain ability
  X - a blessed potion of oil
  y - an uncursed potion of restore ability
  G - a cursed potion of sickness
  H - 2 potions of holy water
  z - 3 uncursed potions of water
 Rings    ('=')
  K - an uncursed ring of cold resistance
  m - an uncursed ring of conflict (on right hand)
  e - an uncursed ring of fire resistance
  n - an uncursed ring of invisibility
  o - an uncursed ring of regeneration
  F - an uncursed ring of stealth
  E - a cursed ring of teleportation
  V - a cursed ring of teleportation
 Wands    ('/')
  h - a blessed wand of fire (0:5)
  q - a wand of light (0:13)
  L - a wand of light (0:13)
  s - a wand of magic missile (0:4)
  t - a wand of magic missile (0:3)
  b - a blessed wand of striking (0:3)
 Tools    ('(')
  J - a bag of tricks (0:4)
  B - an uncursed blindfold (being worn)
  C - an uncursed lock pick
  c - a blessed oil lamp
  p - a +0 unicorn horn
 Gems/Stones  ('*')
  S - 2 blessed luckstones
  O - an uncursed touchstone

Drastanta the Barbarian's attributes:

Background:
 You were a Brigand, a level 10 male human Barbarian.
 You were neutral, on a mission for Crom
 who was opposed by Mitra (lawful) and Set (chaotic).
 You were right-handed.
 You were in Sokoban, on level 6.
 You entered the dungeon 10770 turns ago.
 There was a new moon in effect when your adventure ended.
 You had 5779 experience points, 4221 more were needed to attain level 11.

Basics:
 You had 0 out of 92 hit points.
 You had all 23 energy points (spell power).
 Your armor class was -3.
 Your wallet contained 750 zorkmids.
 Autopickup was on for '$' plus thrown.

Final Characteristics:
 Your strength was 18/01 (limit:18/100).
 Your dexterity was 16 (limit:18).
 Your constitution was 18 (limit:18).
 Your intelligence was 8 (limit:18).
 Your wisdom was 10 (limit:18).
 Your charisma was 5 (limit:18).

Final Status:
 You were deliberately blind.
 You weren't hungry.
 You were unencumbered.
 You were wielding an axe.
 You had expert skill with axe.

Final Attributes:
 You were piously aligned.
 You were magic-protected.
 You were cold resistant.
 You were sleep resistant.
 You were poison resistant.
 You were telepathic.
 You were stealthy.
 You caused conflict.
 You were lucky.
 You had extra luck.
 Good luck did not time out for you.
 You are dead.

Miscellaneous:
 You didn't encounter any bones levels.
 Total elapsed playing time was 1 hour, 49 minutes and 43 seconds.

Major events:
 Turn
    1: Drastanta the neutral male human Barbarian entered the dungeon
 1736: entered the Gnomish Mines
 1743: attained the rank of Pillager (level 3)
 2323: reached Mine Town
 2382: attained the rank of Bandit (level 6)
 3431: made his first wish - "blessed fixed +3 gray dragon scale mail", got "a gray dragon scale mail"
 5777: acquired the Mines' End luckstone
 6693: entered Sokoban
 6981: completed 1st Sokoban level
 7308: completed 2nd Sokoban level
 9594: wished for "Blessed wand of striking", got "a glass wand"
 9644: completed 3rd Sokoban level
10578: attained the rank of Brigand (level 10)
10707: completed 4th Sokoban level
10770: petrified by touching a cockatrice corpse bare-handed

You didn't know any spells.

Skills:
 Fighting Skills
   bare handed combat [Basic]
   two weapon combat  [Unskilled]
   riding             [Unskilled]
 Weapon Skills
   dagger             [Unskilled]
   axe                [Expert]
   pick-axe           [Unskilled]
   short sword        [Basic]
   broadsword         [Unskilled]
   long sword         [Unskilled]
   two-handed sword   [Unskilled]
   saber              [Unskilled]
   club               [Unskilled]
   mace               [Unskilled]
   morning star       [Unskilled]
   flail              [Unskilled]
   hammer             [Unskilled]
   quarterstaff       [Unskilled]
   spear              [Unskilled]
   trident            [Unskilled]
   bow                [Unskilled]
 Spellcasting Skills
   attack spells      [Unskilled]
   escape spells      [Unskilled]

Voluntary challenges:
 Character rerolling was not enabled.
 You never genocided any monsters.
 You never polymorphed an object.
 You never changed form.
 You used 2 wishes.
 You did not wish for any artifacts.
 You violated the special Sokoban rules thrice.
Achievements:
 You entered a shop.
 You entered the Gnomish Mines.
 You attained the rank of Pillager.
 You entered Minetown.
 You entered a temple.
 You attained the rank of Bandit.
 You completed the Gnomish Mines.
 You entered Sokoban.
 You attained the rank of Brigand.

 The Dungeons of Doom: levels 1 to 11
    Level 1:
       A fountain.
    Level 2:
       A ring shop.
    Level 3:
    Level 4:
       A sink.
       Stairs down to The Gnomish Mines.
    Level 5:
       A food shop, a fountain, a grave.
    Level 6:
    Level 7:
       An armor shop.
    Level 8:
       A grave.
    Level 9:
       Many fountains.
    Level 10:
       A general store.
       Stairs up to Sokoban, level 9.
    Level 11:
 The Gnomish Mines: levels 5 to 12
    Level 5:
    Level 6:
    Level 7:
       Some shops, a temple and an altar, some fountains.
    Level 8:
    Level 9:
    Level 10:
    Level 11:
    Level 12:
 Sokoban: levels 9 up to 6
    Level 6: <- You were here.
       Solved.
       Final resting place for
          you, petrified by touching a cockatrice corpse bare-handed.
    Level 7:
       Solved.
    Level 8:
       Solved.
    Level 9:
       Solved.


Vanquished creatures:
  a silver dragon
  a zruty
 an ogre tyrant
 an elven monarch
  a wumpus
  a black naga
  2 elf-nobles
  a winter wolf
  3 small mimics
  a xan
  a quantum mechanic
  a shocking sphere
  a tiger
  4 tengu
  2 leocrottas
  a red naga
  a carnivorous ape
  a giant beetle
  a quivering blob
  2 cockatrices
  2 wolves
  a leprechaun
  2 orc-captains
  a giant spider
  a horse
  a vampire bat
  a forest centaur
  3 gnome rulers
 an ogre
  a rust monster
  2 werewolves
  4 lizards
  a dog
  a jaguar
  2 dwarf leaders
  a blue jelly
  a white unicorn
  a dust vortex
  a raven
  a gnome mummy
  a snake
  3 Woodland-elves
  5 soldier ants
  a wood nymph
  2 Mordor orcs
 an Uruk-hai
  a rock piercer
  a rock mole
  a pony
  4 yellow lights
  a shrieker
 16 gnome leaders
  5 gnomish wizards
  2 gray oozes
 an elf zombie
  a ghoul
  a straw golem
  a little dog
  a floating eye
  a kitten
 16 dwarves
  2 homunculi
  a hill orc
  a rothe
  a centipede
  2 giant bats
  2 monkeys
  2 orc zombies
  5 iguanas
 an acid blob
  2 coyotes
  7 hobbits
  3 manes
  a giant rat
  5 cave spiders
  a yellow mold
 65 gnomes
  5 garter snakes
  a gnome zombie
  3 geckos
 10 jackals
  a kobold
  a goblin
  4 sewer rats
  5 grid bugs
  a bat
  3 lichens
  a kobold zombie
  7 newts
266 creatures vanquished.

No species were genocided or became extinct.

Game over:
                       ----------
                      /          \
                     /    REST    \
                    /      IN      \
                   /     PEACE      \
                  /                  \
                  |    Drastanta     |
                  |      750 Au      |
                  |   petrified by   |
                  |    touching a    |
                  |    cockatrice    |
                  |      corpse      |
                  |       2026       |
                 *|     *  *  *      | *
        _________)/\\_//(\/(/\)/\//\/|_)_______

Goodbye Drastanta the Barbarian...

You turned to stone in Sokoban on dungeon level 6 with 24391 points,
and 750 pieces of gold, after 10770 moves.
You were level 10 with a maximum of 92 hit points when you turned to stone.

